 Dungeon Crawl Stone Soup version 0.23-a0-478-g22ffb11 (webtiles) character file.

173295 Cunctator the Warrior (level 17, -2/166 HPs)
             Began as a Minotaur Berserker on Nov 27, 2018.
             Was a High Priest of Trog.
             Killed from afar by Ilsuiw (44 damage)
             ... with a shard of ice
             ... on level 1 of the Shoals on Nov 28, 2018.
             The game lasted 03:31:36 (40662 turns).

Cunctator the Warrior (Minotaur Berserker)         Turns: 40662, Time: 03:31:42

Health: -2/166     AC: 31    Str: 27    XL:     17   Next: 42%
Magic:  27/27      EV: 17    Int:  2    God:    Trog [*****.]
Gold:   2275       SH:  0    Dex: 16    Spells: 16/16 levels left

rFire    . . .     SeeInvis .   a - +6 great sword "Teijos" {slice, MR+ Int+2}
rCold    + . .     Gourm    .   (shield currently unavailable)
rNeg     . . .     Faith    .   G - +2 plate armour {rF+}
rPois    .         Spirit   .   (helmet restricted)
rElec    .         Reflect  .   B - +2 cloak
rCorr    .         Harm     .   b - +2 pair of gloves
MR       +++..                  g - +2 pair of boots "Legiuxze" {+Fly MR+ MP+9 Int-4}
Stlth    ..........             H - amulet of the acrobat
HPRegen  0.37/turn              X - +4 ring of dexterity
MPRegen  0.20/turn              n - ring of ice

@: engulfed (cannot breathe)
A: retaliatory headbutt, horns 2
a: Berserk, Trog's Hand, Brothers in Arms, Renounce Religion, Evoke Flight


You were on level 1 of the Shoals.
You worshipped Trog.
Trog was extremely pleased with you.
You were hungry.

You visited 5 branches of the dungeon, and saw 27 of its levels.

You collected 2590 gold pieces.
You spent 315 gold pieces at shops.

Inventory:

Hand Weapons
 a - the +6 great sword "Teijos" (weapon) {slice, MR+ Int+2}
   (You found it on level 8 of the Dungeon)

   It inflicts extra damage upon your enemies.
   It affects your intelligence (+2).
   It affects your resistance to hostile enchantments.
 i - a +4 antimagic triple sword
 m - the +4 great mace of Lifrotta {crush, MR- Str+2 SInv}
   (Trog gifted it to you on level 3 of the Snake Pit)

   It inflicts extra damage upon your enemies.
   It affects your strength (+2).
   It affects your resistance to hostile enchantments.
   It lets you see invisible.
 w - a +3 antimagic falchion
 T - the +6 trident of Accord {flame, MR+++}
   (Trog gifted it to you on level 12 of the Dungeon)

   It has been specially enchanted to burn those struck by it, causing extra
   injury to most foes and up to half again as much damage against particularly
   susceptible opponents.
   It affects your resistance to hostile enchantments.
Missiles
 z - 118 arrows
 J - 39 tomahawks (quivered)
Armour
 b - a +2 pair of gloves (worn)
 g - the +2 pair of boots "Legiuxze" (worn) {+Fly MR+ MP+9 Int-4}
   (You found it on level 3 of the Snake Pit)

   It affects your intelligence (-4).
   It affects your resistance to hostile enchantments.
   It affects your magic capacity (+9).
   It lets you fly.
 j - a +2 scale mail of poison resistance
 k - a scarf of resistance
 B - a +2 cloak (worn)
 G - a +2 plate armour of fire resistance (worn)
Jewellery
 n - a ring of ice (right hand)
 H - an amulet of the acrobat (around neck)
 M - an uncursed ring of ice
 P - an uncursed ring of positive energy
 X - a +4 ring of dexterity (left hand)
Wands
 x - a wand of flame (82)
 D - a wand of acid (9)
 O - a wand of iceblast (21)
 Y - a wand of random effects (70)
Scrolls
 d - 4 scrolls of enchant weapon
 e - 5 scrolls of enchant armour
 h - 2 scrolls of vulnerability {unknown}
 q - 2 scrolls of blinking
 r - 11 scrolls of teleportation
 y - a scroll of brand weapon {unknown}
 A - 5 scrolls of fear
 I - 2 scrolls of random uselessness {unknown}
 L - a scroll of acquirement {unknown}
 S - a scroll of remove curse
 U - a scroll of holy word {unknown}
 V - a scroll of silence {unknown}
 W - 2 scrolls of magic mapping {unknown}
Potions
 f - a potion of resistance {unknown}
 o - a potion of agility {unknown}
 p - 2 potions of might
 s - 16 potions of curing
 t - 2 potions of brilliance
 u - 7 potions of heal wounds
 v - 2 potions of cancellation
 C - a potion of invisibility {unknown}
 E - a potion of degeneration {unknown}
 F - 2 potions of flight {unknown}
 N - a potion of haste
 Q - 5 potions of lignification
 R - 2 potions of berserk rage {unknown}
 Z - a potion of magic {unknown}
Comestibles
 c - 35 rations


   Skills:
 - Level 18.9 Fighting
 + Level 16.6 Long Blades
   Level 8.0 Axes
 + Level 8.8 Throwing
 - Level 18.2 Armour
 + Level 13.6 Dodging
   Level 5.2 Shields
 + Level 2.7 Evocations


You had 16 spell levels left.
You didn't know any spells.
Your spell library was empty.

Dungeon Overview and Level Annotations

Branches:
Dungeon (15/15)            Temple (0/1) D:5            Lair (4/6) D:8
 Shoals (2/4) Lair:4        Snake (4/4) Lair:3          Orc (2/2) D:10
    Elf (0/3) Orc:2        Vaults (0/5) D:13         Depths (0/5) D:15

Altars:
Ashenzari
Hepliaklqana
Kikubaaqudgha
Okawaru
Qazlal
Ru
Sif Muna
Trog
Yredelemnul
Zin
The Shining One
Jiyva

Shops:
D:5 (   D:12 ?   D:14 **   Orc:2 ?:}:   Snake:3 *   Snake:4 =}}

Annotations:
D:3 3 runed doors, JklonkHD's ghost, amateur DEFE
D:11 2 transporters
Lair:1 3 runed doors, exclusion: 2 oklob plants, Toan's ghost, journeyman DrCj
Lair:3 exclusion: oklob plant
Shoals:1 Ilsuiw


Innate Abilities, Weirdness & Mutations

You reflexively headbutt those who attack you in melee.
You have a pair of horns on your head.


Message History

You furiously retaliate!
You headbutt the water elemental!
You riposte.
You hit the water elemental.
The water elemental is almost destroyed.
You hear some strange, mumbled words.
A shard of ice appears from out of thin air!
The shard of ice hits you! You partially resist.
* * * LOW HITPOINT WARNING * * *
You feel much better.
* * * LOW HITPOINT WARNING * * *
Your lungs strain for air!
The water elemental completely misses you.
You riposte.
You completely miss the water elemental.
The water elemental is moderately damaged.
The water elemental misses you. You furiously retaliate!
You headbutt the water elemental!
You destroy the water elemental!
A shard of ice appears from out of thin air!
The shard of ice hits you! You partially resist.
You die...

≈≈≈≈≈≈≈≈...≈≈≈≈≈≈≈≈≈≈≈≈≈≈≈≈....≈.
≈≈≈≈≈≈≈≈.#.≈≈≈≈≈(≈≈≈≈≈≈≈≈≈≈......
≈≈≈≈≈≈...##(≈(≈≈≈≈≈≈≈≈≈≈≈≈≈≈....≈
≈P≈≈≈P≈..#..(≈≈≈≈≈≈≈≈≈≈≈≈≈≈≈.....
≈≈≈.≈≈≈≈...≈≈≈≈≈≈≈≈≈≈≈≈≈≈≈≈≈≈....
≈≈≈≈≈≈≈≈)(..≈(≈≈≈≈≈≈≈≈≈≈≈..≈≈≈...
≈≈≈≈≈≈≈P((P(≈≈≈≈≈≈≈≈≈≈≈≈.......##
≈≈P≈≈≈)≈≈≈P.≈≈≈{≈E...≈.≈.##.≈..##
≈≈..P≈PP.....≈≈≈@.#......##......
≈.≈≈≈≈.##..≈≈≈..≈.##.............
≈≈≈≈≈...#..≈≈≈≈≈P....≈≈≈...≈≈..≈≈
≈≈≈≈≈....#.≈≈≈≈....≈.≈....≈≈≈≈...
≈≈≈≈≈≈P....≈≈≈≈P≈P≈≈≈≈P..≈≈≈≈..##
≈≈≈≈≈≈≈.P.P≈≈≈≈≈≈≈≈≈≈≈≈≈P.≈≈..##
≈≈≈≈≈≈...P≈≈≈≈≈≈≈≈≈≈≈≈≈≈≈P...P#
≈≈≈P≈≈≈≈≈≈≈≈≈≈≈≈≈≈P≈≈≈≈≈≈≈(.)##
≈≈≈(≈≈≈≈÷>?≈≈.≈P≈.P≈≈≈≈≈P≈P...#


You could see a water elemental.

Vanquished Creatures
  Saint Roka (Orc:2)
  Rupert (D:12)
  2 nagarajas (Snake:3)
  A frost giant (Lair:4)
  A merfolk javelineer (Shoals:1)
  2 merfolk impalers (Shoals:1)
  11 naga warriors
  A rakshasa (D:15)
  Harold (D:11)
  4 vault guards (D:13)
  16 anacondas
  2 merfolk avatars (Shoals:1)
  2 centaur warriors
  A death knight (D:14)
  2 merfolk aquamancers (Shoals:1)
  6 two-headed ogres
  3 tengu warriors
  5 orc high priests (Orc:2)
  Urug (D:12)
  14 naga sharpshooters
  Nergalle (Lair:2)
  9 shock serpents
  5 salamander mystics
  5 naga ritualists
  10 skeletal warriors
  7 sea snakes
  5 unseen horrors
  4 wizards (D:13)
  10 harpies
  An orc knight (Orc:2)
  11 mana vipers
  A cyclops (shapeshifter) (D:14)
  A wolf spider zombie (D:14)
  2 orc sorcerers
  4 fauns (Shoals:1)
  6 ugly things
  12 cyclopes
  8 manticores
  A deep elf mage (D:15)
  6 elephants (Lair:4)
  4 centaur zombies
  15 salamanders
  5 merfolk sirens
  A torpor snail (shapeshifter) (D:15)
  5 water nymphs
  A guardian serpent (Snake:2)
  38 black mambas
  16 naga magi
  2 centaur skeletons (D:15)
  7 spiny frogs
  A rime drake (Lair:1)
  3 freezing wraiths
  2 tengu conjurers (D:15)
  2 komodo dragons (Lair:4)
  A meliai (D:15)
  A queen bee (shapeshifter) (D:15)
  6 merfolk (Shoals:1)
  6 trolls
  A dream sheep (Shoals:1)
  14 slime creatures
  2 hornets
  3 snapping turtles (Shoals:1)
  9 hippogriffs
  A wyvern (D:13)
  2 vampires (D:14)
  A shadow (D:8)
  A human (shapeshifter) (D:8)
  4 basilisks
  7 water elementals
  10 yaks
  7 vampire mosquitoes (D:12)
  A golden eye (shapeshifter) (D:15)
  17 humans (D:13)
  A hungry ghost (D:7)
  43 nagas
  3 wargs
  2 acid dragons (D:11)
  2 soldier ants
  8 porcupines
  5 water moccasins
  4 sky beasts
  4 black bears
  8 ice beasts
  A necrophage (D:12)
  3 eyes of draining (D:3)
  22 orc warriors
  5 boggarts (D:15)
  A phantom (D:8)
  9 ogres
  A crocodile (shapeshifter) (D:15)
  4 centaurs
  9 crocodiles
  14 wolves
  A big kobold (D:10)
  15 bullfrogs
  3 gnoll sergeants
  A wyvern zombie (D:15)
  A wyvern skeleton (D:11)
  4 scorpions
  9 killer bees
  4 vampire bats (Orc:2)
  6 wights (D:8)
  3 electric eels
  3 howler monkeys
  7 crimson imps
  11 jellies
  6 bullfrog skeletons
  A bullfrog zombie (D:10)
  A gnoll shaman (D:10)
  26 orc wizards
  26 orc priests
  8 hounds
  6 iguanas
  7 worker ants
  2 hound zombies
  A hound skeleton (D:5)
  A worker ant zombie (D:7)
  13 gnolls
  3 howler monkey skeletons
  9 adders
  A river rat (D:5)
  4 shadow imps
  8 oozes
  An adder zombie (D:8)
  3 adder skeletons
  6 worms
  2 dart slugs
  5 leopard geckos
  71 orcs
  4 giant cockroaches
  4 hobgoblins
  10 jackals
  9 quokkas
  8 bats
  8 frilled lizards
  A giant cockroach zombie (D:6)
  2 goblins (D:3)
  2 jackal skeletons
  14 kobolds
  2 leopard gecko skeletons
  A quokka skeleton (D:5)
  A quokka zombie (D:5)
  5 rats
  A spectral orc (D:6)
  2 fungi (Lair:2)
884 creatures vanquished.

Vanquished Creatures (collateral kills)
  2 meliai (D:15)
2 creatures vanquished.

Vanquished Creatures (others)
  A black mamba (Snake:3)
  An orc wizard (Orc:2)
  10 fungi
  14 plants
  3 toadstools (D:9)
29 creatures vanquished.

Grand Total: 915 creatures vanquished

Notes
Turn   | Place    | Note
-------+----------+-------------------------------------------
     0 | D:1      | Cunctator the Minotaur Berserker began the quest for the
                  | Orb.
     0 | D:1      | Reached XP level 1. HP: 19/19 MP: 0/0
   367 | D:1      | Reached XP level 2. HP: 27/27 MP: 1/1
  1108 | D:2      | Reached XP level 3. HP: 33/33 MP: 2/2
  1285 | D:2      | Found a glowing silver altar of Zin.
  1793 | D:2      | Found a faded altar of an unknown god.
  1808 | D:2      | Reached XP level 4. HP: 26/41 MP: 3/3
  2371 | D:3      | Noticed an eye of draining
  2484 | D:3      | Reached skill level 5 in Axes
  2484 | D:3      | Reached XP level 5. HP: 47/47 MP: 4/4
  2607 | D:3      | Reached skill level 5 in Fighting
  2703 | D:3      | Noticed an eye of draining
  2704 | D:3      | Found a deep blue altar of Sif Muna.
  2705 | D:3      | Noticed an eye of draining
  2706 | D:3      | Found a bloodstained altar of Trog.
  2722 | D:3      | Killed an eye of draining
  2726 | D:3      | Killed an eye of draining
  2726 | D:3      | Reached XP level 6. HP: 57/57 MP: 0/5
  2729 | D:3      | Reached ** piety under Trog
  2838 | D:3      | Found a runed gate.
  2838 | D:3      | Found a runed gate.
  2838 | D:3      | Found a runed gate.
  2853 | D:3      | Noticed JklonkHD's ghost (amateur DEFE)
  3550 | D:4      | Reached skill level 5 in Dodging
  3630 | D:4      | Reached XP level 7. HP: 59/63 MP: 2/6
  4320 | D:5      | Entered Level 5 of the Dungeon
  4351 | D:5      | Found Ohui's Antique Weapon Emporium.
  4361 | D:5      | Found a staircase to the Ecumenical Temple.
  4398 | D:5      | HP: 4/99 [centaur/arrow (6)]
  4405 | D:5      | Reached XP level 8. HP: 19/73 MP: 2/7
  4644 | D:5      | Found a shattered altar of Ashenzari.
  4885 | D:5      | Reached *** piety under Trog
  5125 | D:5      | Reached skill level 5 in Armour
  5297 | D:5      | Found an ancient bone altar of Kikubaaqudgha.
  5571 | D:6      | Found a sacrificial altar of Ru.
  5748 | D:6      | Found a glowing golden altar of the Shining One.
  5804 | D:6      | Got a fine whip
  6047 | D:6      | Found a basalt altar of Yredelemnul.
  6071 | D:6      | Found a stormy altar of Qazlal.
  6779 | D:7      | Reached XP level 9. HP: 81/82 MP: 2/8
  6982 | D:7      | Reached **** piety under Trog
  7078 | D:7      | Found an iron altar of Okawaru.
  7873 | D:8      | Received a gift from Trog
  8129 | D:7      | Reached skill level 10 in Fighting
  8252 | D:8      | Found a hazy altar of Hepliaklqana.
  8256 | D:8      | Reached skill level 1 in Shields
  8267 | D:8      | Reached XP level 10. HP: 93/93 MP: 3/9
  8648 | D:8      | Found a staircase to the Lair.
  9060 | D:8      | Reached ***** piety under Trog
  9073 | D:8      | Noticed a two-headed ogre
  9079 | D:8      | Killed a two-headed ogre
  9297 | D:8      | Identified the +8 whip "Abesch" {distort, rN+} (You found
                  | it on level 6 of the Dungeon)
  9306 | D:8      | Got a shimmering great sword
  9309 | D:8      | Identified the +6 great sword "Teijos" {slice, MR+ Int+2}
                  | (You found it on level 8 of the Dungeon)
  9439 | D:8      | Reached skill level 5 in Shields
  9607 | D:10     | Entered Level 10 of the Dungeon
  9664 | D:10     | Reached skill level 10 in Armour
  9683 | D:10     | Reached skill level 1 in Long Blades
  9746 | D:10     | Found a staircase to the Orcish Mines.
  9924 | D:10     | Killed an unseen horror
 10247 | D:10     | Received a gift from Trog
 10321 | D:10     | Reached XP level 11. HP: 104/104 MP: 10/10
 10771 | D:10     | Noticed a two-headed ogre
 10778 | D:10     | Killed a two-headed ogre
 11117 | Lair:1   | Entered Level 1 of the Lair of Beasts
 11351 | Lair:1   | Reached skill level 5 in Long Blades
 11476 | Lair:1   | Noticed an oklob plant
 11476 | Lair:1   | Noticed an oklob plant
 11709 | Lair:1   | Found a runed gate.
 11732 | Lair:1   | Found a runed gate.
 11732 | Lair:1   | Found a runed gate.
 11777 | Lair:1   | Noticed a death ooze
 12136 | Lair:1   | Noticed Toan's ghost (journeyman DrCj)
 12138 | Lair:1   | Found a viscous altar of Jiyva.
 12428 | Lair:2   | Noticed Nergalle
 12458 | Lair:2   | Killed Nergalle
 13081 | Lair:3   | Found a staircase to the Snake Pit.
 13442 | Lair:3   | Reached XP level 12. HP: 111/115 MP: 11/11
 14560 | Lair:4   | Found a staircase to the Shoals.
 15457 | Orc:1    | Entered Level 1 of the Orcish Mines
 15748 | Orc:2    | Entered Level 2 of the Orcish Mines
 15877 | Orc:2    | Received a gift from Trog
 15957 | Orc:2    | Noticed an orc high priest
 15968 | Orc:2    | Killed an orc high priest
 16025 | Orc:2    | Noticed Saint Roka
 16481 | Orc:2    | Killed Saint Roka
 16481 | Orc:2    | Reached skill level 10 in Long Blades
 16761 | Orc:2    | Reached XP level 13. HP: 116/125 MP: 12/12
 17161 | Orc:2    | Found a staircase to the Elven Halls.
 17172 | Orc:1    | Reached skill level 10 in Dodging
 18097 | Orc:2    | Found Hirgh's Magic Scroll Emporium.
 18097 | Orc:2    | Found Pyntoum's Gadget Shoppe.
 18098 | Orc:2    | Found Aplikid's Book Shoppe.
 18104 | Orc:2    | Found Zuduujif's Book Emporium.
 18441 | D:11     | Found a transporter.
 18519 | D:11     | Received a gift from Trog
 18523 | D:11     | Noticed Harold
 18684 | D:11     | Killed Harold
 18684 | D:11     | Reached skill level 15 in Fighting
 19104 | D:11     | Found a transporter.
 19658 | D:11     | Reached skill level 1 in Throwing
 20393 | D:12     | Reached ****** piety under Trog
 20771 | D:12     | Received a gift from Trog
 20800 | D:12     | Got a faintly glowing trident {god gift}
 20801 | D:12     | Identified the +6 trident of Accord {flame, MR+++} (Trog
                  | gifted it to you on level 12 of the Dungeon)
 21433 | D:12     | Reached XP level 14. HP: 136/136 MP: 13/13
 21485 | D:12     | Noticed Rupert
 21505 | D:12     | Killed Rupert
 21505 | D:12     | Reached skill level 15 in Armour
 21631 | D:12     | Noticed Urug
 21650 | D:12     | Killed Urug
 21967 | D:12     | Found Batzear's Magic Scroll Shop.
 22328 | D:13     | Reached skill level 5 in Throwing
 22804 | D:13     | Found a gate to the Vaults.
 23600 | D:14     | Received a gift from Trog
 24257 | D:14     | Found Evyt Nag's General Store.
 24276 | D:14     | Found Ybita's General Store.
 24410 | D:15     | Entered Level 15 of the Dungeon
 24410 | D:15     | Found a bloodstained altar of Trog.
 24502 | D:15     | Received a gift from Trog
 24875 | D:15     | Found a shattered altar of Ashenzari.
 25629 | D:15     | Reached XP level 15. HP: 127/145 MP: 14/14
 26262 | D:15     | Found a staircase to the Depths.
 26790 | Snake:1  | Entered Level 1 of the Snake Pit
 30402 | Snake:2  | Received a gift from Trog
 31316 | Snake:2  | Received a gift from Trog
 31816 | Snake:3  | Noticed a nagaraja
 31852 | Snake:3  | Killed a nagaraja
 31882 | Snake:3  | Reached XP level 16. HP: 83/157 MP: 15/15
 32739 | Snake:3  | Reached skill level 15 in Long Blades
 32787 | Snake:3  | Received a gift from Trog
 34009 | Snake:3  | Found Jyery's General Store.
 34311 | Snake:3  | Bought a potion of heal wounds for 105 gold pieces
 34311 | Snake:3  | Bought 2 potions of heal wounds for 210 gold pieces
 34595 | Snake:3  | Got a pair of ancient boots
 34601 | Snake:3  | Identified the +2 pair of boots "Legiuxze" {+Fly MR+ MP+9
                  | Int-4} (You found it on level 3 of the Snake Pit)
 35238 | Snake:4  | Entered Level 4 of the Snake Pit
 35466 | Snake:3  | Received a gift from Trog
 35478 | Snake:3  | Got a faintly glowing great mace {god gift}
 35479 | Snake:3  | Lost intelligence.
 35479 | Snake:3  | Identified the +4 great mace of Lifrotta {crush, MR- Str+2
                  | SInv} (Trog gifted it to you on level 3 of the Snake Pit)
 36069 | Snake:4  | Found Zuicrump's Jewellery Shop.
 36069 | Snake:4  | Found Uryqusib's Gadget Emporium.
 36070 | Snake:4  | Found Pulil's Gadget Emporium.
 37463 | Shoals:1 | Entered Level 1 of the Shoals
 37585 | Lair:4   | Reached XP level 17. HP: 166/166 MP: 16/16
 38429 | Shoals:1 | Received a gift from Trog
 38766 | Shoals:1 | Received a gift from Trog
 38766 | Shoals:1 | Reached skill level 1 in Evocations
 38797 | Shoals:1 | Lost intelligence.
 40069 | Shoals:2 | Noticed Ilsuiw
 40586 | Shoals:1 | Upgraded the game from 0.23-a0-473-gc8aadda to
                  | 0.23-a0-478-g22ffb11
 40662 | Shoals:1 | Killed from afar by Ilsuiw

Vault maps used:
D:1:      dpeg_arrival_leaves_temple_mockup, st_stairs_9
D:2:      nicolae_overflow_crystal_walls,
          chequers_ecumenical_altar_simple_redux, dk_vineyard_1,
          minmay_tetromino_i2
D:3:      trog_eyes_of_draining, overflow_temple_1_default,
          gammafunk_ghost_necromancy, first_ration
D:5:      kennysheep_little_box, old_standard_altar, minmay_temple_entry_trees,
          serial_shops, nicolae_shop_crystal, gup_sewer_entry_bubbles
D:6:      yredelemnul_forgotten_temple_becter, kennysheep_mini,
          old_standard_altar, serial_corexii_hall, corexii_hall_statues_i,
          corexii_hall_statues_u, nicolae_tso_carved_into_rock
D:7:      lemuel_coloured_pillars_altar
D:8:      hangedman_cross_veins, old_standard_altar,
          grunt_lair_entry_orc_guard_hut, hangedman_little_slice_of_home
D:9:      nicolae_benzene_ring, grunt_ministairs_15, kennysheep_another_room,
          bh_chokoban, minmay_gold_behind_fungi, hangedman_feature_mirror
D:10:     minmay_orc_entry_guard_dogs
D:11:     gammafunk_wand_slinger, uniq_harold
D:12:     serial_shops, nicolae_shop_trees, uniq_rupert, uniq_urug
D:13:     grunt_vaults_entry_tiered
D:14:     serial_shops, nicolae_shop_waterfront, shop,
          chequers_decorated_corner, hangedman_abyss_or_decor_stabs,
          minmay_variable_closet
D:15:     gammafunk_enter_depths_forms, basic_altar, evilmike_ruin_ashenzari
Lair:1:   gammafunk_ghost_ooze, lab_entry_generic, minivault_27,
          minmay_lair_oklob_chamber, grunt_megastairs_3
Lair:2:   serial_bayou_ford_a, minivault_19, uniq_nergalle
Lair:3:   dpeg_oklob_gauntlet, dummy_snake_entry, grunt_megastairs_2,
          lemuel_fruit_tree
Lair:4:   shoals_dummy_entry, hangedman_lair_unloving_vines
Shoals:1: st_shoals_ruin
Shoals:2: argonaut_golden_fleece, nicolae_shoals_drake_roost, uniq_polyphemus,
          uniq_ilsuiw
Snake:1:  serial_bayou_shore_b
Snake:2:  kennysheep_six_static_rooms
Snake:3:  serial_shops, nicolae_shop_stone, spider_trap, grunt_ministairs_14
Snake:4:  snake_pit, nicolae_snake_shapes, minmay_shop_grove
Orc:2:    st_orc_mages, roderic_batcave, uniq_saint_roka

Skill      XL: |  1  2  3  4  5  6  7  8  9 10 11 12 13 14 15 16 17 |
---------------+----------------------------------------------------+-----
Fighting       | 4 5 6 7 8 10 11 13 14 15 16 17 18 | 18.9
Axes           | 4 5 6 7 8 |  8.0
Dodging        | 3 4 5 7 8 9 10 11 13 | 13.6
Armour         | 4 6 8 10 12 13 14 16 17 18 | 18.2
Shields        | 1 5 |  5.2
Long Blades    | 3 7 10 11 13 14 16 | 16.6
Throwing       | 3 6 8 |  8.8
Evocations     | 2 |  2.7

Action                   |  1- 3 |  4- 6 |  7- 9 | 10-12 | 13-15 | 16-18 || total
-------------------------+-------+-------+-------+-------+-------+-------++-------
Melee: Hand axe          |    69 |    80 |   357 |   124 |       |       ||   630
       Headbutt          |     8 |    19 |    84 |   107 |   270 |   187 ||   675
       Mace              |       |    19 |       |       |       |       ||    19
       Great sword       |       |       |       |   333 |   870 |   533 ||  1736
       Trident           |       |       |       |       |    37 |       ||    37
Throw: Stone             |       |       |     3 |       |       |       ||     3
       Tomahawk          |       |       |     2 |       |    15 |    15 ||    32
Invok: Berserk           |     5 |     4 |    11 |    16 |    20 |     9 ||    65
       Trog's Hand       |       |       |     1 |     6 |     6 |     4 ||    17
       Brothers in Arms  |       |       |       |       |     1 |       ||     1
 Abil: Evoke Flight      |       |       |       |       |       |     4 ||     4
Evoke: Wand              |       |       |     1 |       |       |       ||     1
  Use: Potion            |       |       |     6 |     2 |     4 |     1 ||    13
       Scroll            |       |       |       |    16 |     9 |     2 ||    27
  Eat: Chunk             |     8 |     9 |    19 |    31 |    26 |    12 ||   105
       Ration            |       |       |     2 |     5 |    13 |     7 ||    27
Armor: Animal skin       |    13 |     2 |       |       |       |       ||    15
       Ring mail         |       |    16 |    52 |       |       |       ||    68
       Skin              |       |       |    32 |       |       |       ||    32
       Plate armour      |       |       |    62 |   386 |   794 |   116 ||  1358
       Scale mail        |       |       |       |       |    16 |   159 ||   175
Dodge: Dodged            |    52 |    45 |   207 |   344 |   680 |   708 ||  2036
Block: Buckler           |       |       |     4 |    16 |       |       ||    20
       Rpst.: Great sword |       |       |       |    71 |   137 |   117 ||   325

Table legend:
 A = Non-vault XP
 B = Vault XP
 C = Vault XP percentage of total XP
 D = Non-vault monster count
 E = Vault monster count
 F = Vault count percentage of total count
                 A         B        C        D         E       F
            +---------+---------+-------+---------+---------+-------
      Total |  193287 |   54278 |  21.9 |     708 |     177 |  20.0
            +---------+---------+-------+---------+---------+-------
        D:1 |      23 |       4 |  14.8 |      11 |       2 |  15.4
        D:2 |      79 |       1 |   1.2 |      21 |       1 |   4.5
        D:3 |     172 |     386 |  69.2 |      22 |       5 |  18.5
        D:4 |     350 |       0 |   0.0 |      20 |       0 |   0.0
        D:5 |     939 |      45 |   4.6 |      21 |       6 |  22.2
        D:6 |     556 |       1 |   0.2 |      16 |       1 |   5.9
        D:7 |    1298 |     218 |  14.4 |      26 |       2 |   7.1
        D:8 |    1861 |    3050 |  62.1 |      45 |      31 |  40.8
       D:10 |    4326 |     343 |   7.3 |      31 |       2 |   6.1
       D:11 |    4205 |     970 |  18.7 |      39 |       1 |   2.5
       D:12 |   15321 |    3892 |  20.3 |      44 |       2 |   4.3
       D:13 |    6446 |   10151 |  61.2 |      19 |      25 |  56.8
       D:14 |    6906 |       0 |   0.0 |      17 |       0 |   0.0
       D:15 |   10994 |    3483 |  24.1 |      33 |      11 |  25.0
     Lair:1 |    3840 |     396 |   9.3 |      18 |       2 |  10.0
     Lair:2 |    2830 |     820 |  22.5 |      19 |       1 |   5.0
     Lair:3 |    2193 |     205 |   8.5 |      11 |       2 |  15.4
     Lair:4 |    6404 |    3304 |  34.0 |      18 |       4 |  18.2
   Shoals:1 |   21511 |    3798 |  15.0 |      42 |       6 |  12.5
   Shoals:2 |    5307 |     948 |  15.2 |      11 |       2 |  15.4
    Snake:1 |   18576 |       0 |   0.0 |      33 |       0 |   0.0
    Snake:2 |   15150 |    2842 |  15.8 |      31 |       6 |  16.2
    Snake:3 |   46840 |    2720 |   5.5 |      86 |       2 |   2.3
    Snake:4 |   12146 |    4882 |  28.7 |      24 |       8 |  25.0
      Orc:1 |    2336 |     281 |  10.7 |      20 |       3 |  13.0
      Orc:2 |    2678 |   11538 |  81.2 |      30 |      52 |  63.4
            +---------+---------+-------+---------+---------+-------
